 Dungeon Crawl Stone Soup version 0.29.1-2-gbd0b4ee654 (webtiles) character file.

Game seed: 12025378558599891897

4 jamestheduck25 the Vexing (level 1, 0/7 HPs)
             Began as a Felid Enchanter on Nov 16, 2022.
             Slain by a rat (2 damage)
             ... on level 1 of the Dungeon.
             The game lasted 00:00:09 (171 turns).

jamestheduck25 the Vexing (Felid Enchanter)          Turns: 171, Time: 00:00:10

Health: 0/7        AC:  1    Str:  4    XL:     1   Next: 58%
Magic:  4/4        EV: 17    Int: 16    God:
Gold:   0          SH:  0    Dex: 16    Spells: 4/4 levels left
                                        Lives:  0   Deaths: 0

rFire   . . .      SeeInvis +     - Unarmed
rCold   . . .      Faith    .   (shield unavailable)
rNeg    . . .      Spirit   .   (body armour unavailable)
rPois   .          Reflect  .   (helmet unavailable)
rElec   .          Harm     .   (cloak unavailable)
rCorr   .          Rampage  .   (gloves unavailable)
Will    .....                   (boots unavailable)
Stlth   +++.......              (no amulet)
HPRegen 0.02/turn               (no ring)
MPRegen 0.09/turn               (no ring)

@: quick
A: very small, claws 1, fangs 3, see invisible, speed 1, shaggy fur 1, stealthy
paws, no weapons or thrown items, no armour, multi-lived
a: no special abilities


You were on level 1 of the Dungeon.
You visited 1 branch of the dungeon, and saw 1 of its levels.

Inventory:

Scrolls
 d - a scroll of enchant armour {unknown}
Potions
 a - 2 potions of invisibility
 b - a potion of heal wounds {unknown}
 c - a potion of lignification {unknown}


   Skills:
 + Level 2.8 Dodging
 + Level 4.1 Stealth
 + Level 1.1 Unarmed Combat
 + Level 2.0 Spellcasting
 + Level 4.5 Hexes


You had 4 spell levels left.
You didn't know any spells.
Your spell library contained the following spells:

 Spells                   Type           Power      Damage    Failure   Level
 Confusing Touch          Hex            16%        N/A       10%         3
 Tukima's Dance           Hex            16%        N/A       10%         3
 Ensorcelled Hibernation  Hex/Ice        16%        N/A       12%         2
 Dazzling Flash           Conj/Hex       16%        N/A       24%         3


Dungeon Overview and Level Annotations

Branches:
Dungeon (1/15)

Altars:


Innate Abilities, Weirdness & Mutations

You have sharp claws.
You have razor-sharp teeth.
You have supernaturally acute eyesight. (SInv)
You cover ground quickly. (Speed+)
You are covered in fur. (AC +1)
Your paws help you pounce on unaware monsters.
You are incapable of wielding weapons or throwing items.
You cannot wear armour.
You gain extra lives every three experience levels.


Message History

You kill the ball python!
A ball python comes into view.
Found a stone staircase leading down.
A ball python is nearby!
A goblin comes into view. It is wielding a +0 club.
Found 10 gold pieces.
The goblin shouts!
The ball python hisses angrily.
There are monsters nearby!
You scratch the ball python.
You kill the ball python!
A rat comes into view.
There are monsters nearby!
The goblin hits you with a +0 club.
Ouch! That really hurt!
There are monsters nearby!
You are too injured to fight recklessly!
There are monsters nearby!
You are too injured to fight recklessly!
There are monsters nearby!
You are too injured to fight recklessly!
There are monsters nearby!
You are too injured to fight recklessly!
There are monsters nearby!
You are too injured to fight recklessly!
There are monsters nearby!
You are too injured to fight recklessly!
Unknown command.
You barely miss the goblin. Your bite misses the goblin.
The goblin barely misses you.
You closely miss the goblin. Your bite misses the goblin.
The goblin barely misses you.
You scratch the goblin.
The goblin is severely wounded.
The goblin misses you. The rat barely misses you.
You scratch the goblin.
The goblin is almost dead.
The goblin hits you with a +0 club.
* * * LOW HITPOINT WARNING * * *
The rat bites you.
You die...

#########
#....$..##############
#.##......>#.........#
#.....r@##.#.#######.#
#.##..g......# #.#
#..#.##.### ##.##
#.......# #...#
......###########.#.##
.###.#.# #........#...
# ....# #......#####.
#.### #........#...
#......#.#.#.


You could see a goblin and a rat.

Vanquished Creatures
  An endoplasm (D:1)
  2 ball pythons (D:1)
  A kobold (D:1)
  A rat (D:1)
5 creatures vanquished.

Notes
Turn   | Place    | Note
-------+----------+-------------------------------------------
     0 | D:1      | jamestheduck25 the Felid Enchanter began the quest for the
                  | Orb.
     0 | D:1      | Reached XP level 1. HP: 7/7 MP: 4/4
   171 | D:1      | Slain by a rat

Illustrated notes

Levels and vault maps discovered:
D:1:      heliophobic_arrival_henge, layout_loops_cross,
          chequers_serial_rivers_room_b, minmay_fountain_box, minivault_23,
          minmay_crystal_room

Action                   || total
-------------------------++-------
Melee: Unarmed           ||     9
       Bite              ||     1
 Stab: Sleeping          ||     3
Dodge: Dodged            ||     4
